 Dungeon Crawl Stone Soup version 0.28-a0-1190-g77e1c55843 (webtiles) character file.

Game seed: 16745546452647142598

144250 Armakuni the Stormcaller (level 17, -4/122 HPs)
             Began as a Human Artificer on Dec 17, 2021.
             Was a Priest of Jiyva.
             Slain by a harpy (10 damage)
             ... on level 2 of the Lair of Beasts on Dec 18, 2021.
             The game lasted 01:50:01 (37655 turns).

Armakuni the Stormcaller (Human Artificer)         Turns: 37655, Time: 01:50:02

Health: -4/122     AC: 20    Str: 26    XL:     17   Next: 66%
Magic:  31/31      EV: 15    Int: 18    God:    Jiyva [***...]
Gold:   475        SH:  0    Dex: 22    Spells: 16/36 levels left

rFire   . . .      SeeInvis .   a - staff of air
rCold   . . .      Faith    .   (no shield)
rNeg    + . .      Spirit   .   f - +2 pearl dragon scales
rPois   +          Reflect  .   d - +1 helmet of Vomnikh {rPois Dex+6}
rElec   +          Harm     .   z - scarf {+Inv}
rCorr   +          Rampage  .   (no gloves)
Will    ++++.                   A - +0 pair of boots
Stlth   +.........              (no amulet)
HPRegen 1.42/turn               I - +6 ring of intelligence
MPRegen 0.57/turn               V - +6 ring of strength

@: no status effects
A: strong-willed 3, strong 1, wild magic 1
}: 1/15 runes: serpentine
a: Renounce Religion, Evoke Invisibility, Oozemancy


You were on level 2 of the Lair of Beasts.
You worshipped Jiyva.
Jiyva was most pleased with you.
You visited 6 branches of the dungeon, and saw 25 of its levels.
You also visited: Ice Cave.

You collected 2743 gold pieces.
You spent 2268 gold pieces at shops.

Inventory:

Hand Weapons
 m - a +2 broad axe of freezing
Missiles
 D - 3 curare-tipped darts
 E - 2 throwing nets
Armour
 d - the +1 helmet of Vomnikh (worn) {rPois Dex+6}
   (You found it on level 9 of the Dungeon)

   Dex:       It affects your dexterity (+6).
   rPois:     It protects you from poison.
 f - +2 pearl dragon scales (worn)
 y - a +2 cloak of stealth
 z - a scarf of invisibility (worn)
 A - a +0 pair of boots (worn)
Magical Staves
 a - a staff of air (weapon)
 b - a staff of cold
Jewellery
 I - a +6 ring of intelligence (left hand)
 J - a ring of protection from cold
 N - a ring of see invisible
 V - a +6 ring of strength (right hand)
Wands
 k - a wand of digging (9)
Scrolls
 g - 5 scrolls of identify
 h - 3 scrolls of vulnerability
 i - 2 scrolls of fog
 n - a scroll of fear
 p - 4 scrolls of magic mapping
 r - a scroll of noise
 u - 2 scrolls of blinking
 v - 3 scrolls of amnesia
 B - 2 scrolls of teleportation
Potions
 e - 2 potions of mutation
 j - 3 potions of haste
 l - 3 potions of flight
 q - a potion of magic
 s - 2 potions of attraction
 t - a potion of invisibility
 w - 8 potions of curing
 C - 6 potions of brilliance
Miscellaneous
 c - a condenser vane
 x - a piece from Xom's chessboard (15/15)


   Skills:
 - Level 7.8 Fighting
 - Level 12.0 Staves
 + Level 9.9 Armour
 - Level 7.2 Dodging
 - Level 1.0 Stealth
 - Level 10.0 Spellcasting
 - Level 10.0 Conjurations
 - Level 10.0 Ice Magic
 + Level 15.1 Air Magic
 - Level 10.0 Evocations


You had 16 spell levels left.
You knew the following spells:

 Your Spells              Type           Power      Damage    Failure   Level
c - Freezing Cloud        Conj/Ice/Air   39%        6-21      7%          5
e - Maxwell's Capacitive  Air            44%        ∞         96%         8
n - Swiftness             Air            89%        N/A       1%          3
z - Airstrike             Air            44%        N/A       1%          4

Your spell library contained the following spells:

 Spells                   Type           Power      Damage    Failure   Level
 Shock                    Conj/Air       100%       1d9       1%          1
 Foxfire                  Conj/Fire      100%       2x1d9     4%          1
 Conjure Flame            Conj/Fire      35%        6-21      11%         3
 Beastly Appendage        Tmut           22%        N/A       26%         1
 Flame Wave               Conj/Fire      35%        2d7       30%         4
 Sublimation of Blood     Necr           11%        N/A       34%         2
 Wereblood                Tmut           11%        N/A       34%         2
 Call Canine Familiar     Summ           11%        N/A       56%         3
 Gell's Gravitas          Tloc           11%        N/A       56%         3
 Inner Flame              Hex/Fire       11%        N/A       56%         3
 Portal Projectile        Hex/Tloc       22%        N/A       56%         3
 Spider Form              Tmut/Pois      11%        N/A       56%         3
 Teleport Other           Tloc           11%        N/A       56%         3
 Irradiate                Conj/Tmut      17%        3d19      63%         5
 Leda's Liquefaction      Hex/Erth       5%         N/A       91%         4
 Petrify                  Tmut/Erth      11%        N/A       91%         4
 Summon Forest            Summ/Tloc      5%         N/A       99%         5
 Simulacrum               Ice/Necr       17%        N/A       99%         6
 Dispersal                Tloc           5%         N/A       100%        6
 Malign Gateway           Summ/Tloc      5%         N/A       100%        7
 Polar Vortex             Ice            27%        N/A       100%        9


Dungeon Overview and Level Annotations

Branches:
Dungeon (11/15)            Temple (1/1) D:7            Lair (6/6) D:8
 Shoals (1/4) Lair:2        Snake (4/4) Lair:3        Slime (0/5) Lair:5
    Orc (2/2) D:9             Elf (0/3) Orc:2         IceCv (visited)

Altars:
Ashenzari
Cheibriados
Dithmenos
Elyvilon
Fedhas
Gozag
Hepliaklqana
Kikubaaqudgha
Makhleb
Nemelex Xobeh
Okawaru
Qazlal
Ru
Sif Muna
Trog
Uskayaw
Vehumet
Wu Jian
Xom
Yredelemnul
Zin
The Shining One
Beogh
Jiyva
Lugonu

Shops:
D:2 !   D:5 [   D:7 [   Orc:2 ?(:!   Snake:3 (::

Portals:
Abyss: Lair:6

Annotations:
D:8 1 transporter, Athor's ghost, novice VSFi
D:9 ThreePoint314's ghost, novice DsIE
D:11 exclusion: 3 doors, Gastronok; Maurice


Innate Abilities, Weirdness & Mutations

You are extremely strong-willed. (Will+++)
Your muscles are strong. (Str +2)
Your spells are a little harder to cast, but a little more powerful.


Message History

The harpy screeches! x2
The harpy claws you but does no damage. x2
You closely miss the harpy.
The harpy is heavily wounded.
The harpy claws you! The harpy closely misses you. The harpy claws you.
The harpy misses you.
The harpy screeches!
The harpy barely misses you. The harpy misses you.
You hear a distant slurping noise.
The harpy closely misses you. The harpy misses you. The harpy claws you!
The harpy claws you but does no damage. The harpy claws you.
* * * LOW HITPOINT WARNING * * *
The harpy claws you but does no damage. x2; The harpy claws you.
* * * LOW HITPOINT WARNING * * *
There is a staircase back to the Lair, spattered with blood here.
The harpy screeches!
The harpy claws you but does no damage. The harpy claws you!
* * * LOW HITPOINT WARNING * * *
The harpy closely misses you. The harpy misses you.
The harpy barely misses you. x2; The harpy claws you.
* * * LOW HITPOINT WARNING * * *
The harpy claws you.
* * * LOW HITPOINT WARNING * * *
You climb upwards.
Welcome back to the Lair of Beasts!
The harpy screeches!
There is a staircase to the Shoals here.
You hit the harpy.
The harpy is electrocuted!!
You kill the harpy!
The harpy misses you. The harpy claws you.
* * * LOW HITPOINT WARNING * * *
The harpy barely misses you. x2
You hit the harpy.
The harpy is electrocuted!!
You kill the harpy!
The harpy claws you!
* * * LOW HITPOINT WARNING * * *
The harpy barely misses you.
You closely miss the harpy.
The harpy is lightly wounded.
The harpy claws you!
You die...

.....## #....#..................
.....# ##..####..#....#...####.
.....#####......#.......##.......
........#......##..#...[###......
≈≈≈.............#.......##.......
≈#≈.....................##.......
≈≈≈..........................##..
.....P.#...........##...#...#####
..(.P....##....†@.#.#..#....####.
.........##....H...............#.
.........P..P..................#.
................(..............#.
.................................
..................#P#...##..#....
.........#...##...####.###..##...
.##..##.###.#.....#.#..###..##.##
##..................##.##......##


You could see a harpy.

Vanquished Creatures
  Vashnia (Snake:2)
  A nagaraja (Snake:4)
  An ettin (Orc:1)
  A merfolk impaler (Shoals:1)
  Fannar (Lair:3)
  10 hydras
  A boulder beetle (Lair:3)
  2 salamander tyrants (Snake:2)
  12 naga warriors
  2 catoblepae
  9 anacondas
  8 death yaks
  3 orc high priests (Orc:2)
  3 thrashing horrors (Lair:6)
  8 shock serpents
  10 naga sharpshooters
  A fire crab (Lair:6)
  3 salamander mystics (Snake:4)
  8 naga ritualists
  A lindwurm (Lair:4)
  3 harpies
  Pikel (D:9)
  7 orc knights
  4 ugly things (Lair:6)
  13 mana vipers
  An orb spider (shapeshifter) (Lair:6)
  6 orc sorcerers (Orc:2)
  21 salamanders
  4 fauns (Shoals:1)
  9 naga magi
  A manticore (Lair:2)
  24 black mambas
  4 centaur zombies
  15 guardian serpents
  3 smoke demons (Lair:6)
  A water nymph (Shoals:1)
  11 cane toads
  A rime drake (shapeshifter) (Lair:6)
  4 komodo dragons
  4 rime drakes
  3 merfolk (Shoals:1)
  4 polar bears
  An ancient zyme (Lair:6)
  A queen bee (Lair:5)
  3 trolls
  4 slime creatures
  A wind drake (Shoals:1)
  27 blink frogs
  3 dream sheep (Lair:6)
  A spriggan (Lair:6)
  9 wyverns
  A shadow (D:10)
  Sigmund (D:3)
  33 yaks
  A water elemental (Shoals:1)
  3 basilisks
  Grum (D:9)
  Eustachio (D:5)
  A golden eye (D:6)
  A steam dragon (D:7)
  3 chaos spawn (Lair:6)
  Menkaure (D:6)
  25 nagas
  An acid dragon (D:9)
  4 wargs
  14 water moccasins
  Duvessa (D:7)
  19 orc warriors
  2 sky beasts
  2 ice beasts
  8 necrophages
  3 centaurs
  4 ogres
  8 wolves
  A phantom (D:7)
  A kobold brigand (D:9)
  Blork the orc (D:4)
  8 small abominations (Lair:6)
  4 scorpions
  13 bullfrogs
  Dowan (D:7)
  20 killer bees
  13 wights
  4 howler monkeys
  2 vampire bats (Lair:4)
  A bullfrog zombie (D:6)
  A hound (D:7)
  A bullfrog skeleton (D:5)
  17 orc priests
  12 jellies
  A centaur skeleton (D:7)
  3 iguanas
  17 orc wizards
  A killer bee zombie (D:8)
  2 hound skeletons (D:4)
  5 gnolls
  A howler monkey zombie (D:8)
  8 adders
  A white imp (D:7)
  An ufetubus (D:4)
  A worm (D:3)
  3 dart slugs
  64 orcs
  8 bats
  10 endoplasms
  A giant cockroach (D:3)
  6 goblins
  14 hobgoblins
  A jackal (D:1)
  5 quokkas
  6 ball pythons
  A frilled lizard (D:1)
  8 kobolds
  6 rats
692 creatures vanquished.

Vanquished Creatures (collateral kills)
  A blink frog (Lair:6)
  3 yaks (Lair:4)
  2 scorpions (D:4)
  A wight (D:4)
  3 gnolls (D:5)
  A worm (D:2)
  2 endoplasms
  A kobold (D:4)
14 creatures vanquished.

Vanquished Creatures (others)
  An acid blob (Snake:4)
  A hydra (Lair:4)
  A naga warrior (Snake:4)
  A lindwurm (Snake:4)
  A salamander (Snake:4)
  2 naga magi (Snake:4)
  A water nymph (Shoals:1)
  A smoke demon (Lair:6)
  A queen bee (D:8)
  A wind drake (Lair:2)
  A blink frog (Lair:6)
  A dream sheep (Lair:6)
  2 nagas
  A scorpion (D:5)
  3 killer bees (D:9)
  78 jellies
  An orc wizard (D:4)
  2 orcs (Orc:2)
  A jackal (D:1)
  2 bushes (D:8)
  A butterfly (Lair:6)
  79 fungi
  96 plants
279 creatures vanquished.

Grand Total: 985 creatures vanquished

Notes
Turn   | Place    | Note
-------+----------+-------------------------------------------
     0 | D:1      | Armakuni the Human Artificer began the quest for the Orb.
     0 | D:1      | Reached XP level 1. HP: 15/15 MP: 1/1
    89 | D:1      | Identified a scroll of acquirement
    89 | D:1      | Acquired a staff of air
   200 | D:1      | Reached skill level 1 in Staves
   200 | D:1      | Reached XP level 2. HP: 9/21 MP: 2/2
   831 | D:1      | Reached XP level 3. HP: 24/27 MP: 3/3
  1884 | D:2      | Found Gakipir's Distillery.
  1892 | D:2      | Bought a potion of might for 48 gold pieces
  1917 | D:2      | Reached XP level 4. HP: 33/34 MP: 4/4
  2197 | D:3      | Noticed an ogre
  2422 | D:2      | Bought a potion of curing for 36 gold pieces
  2814 | D:3      | Noticed Sigmund
  3414 | D:3      | Killed an ogre
  3415 | D:3      | Reached XP level 5. HP: 42/42 MP: 5/5
  3476 | D:3      | Killed Sigmund
  3477 | D:3      | Reached XP level 6. HP: 38/48 MP: 6/6
  3613 | D:3      | Found a faded altar of an unknown god.
  3798 | D:4      | Reached skill level 1 in Air Magic
  3798 | D:4      | Reached XP level 7. HP: 24/54 MP: 7/7
  4034 | D:4      | Reached skill level 5 in Staves
  4077 | D:4      | Reached skill level 2 in Air Magic
  4824 | D:4      | Gained mutation: Your spells are a little harder to cast,
                  | but a little more powerful. [potion of mutation]
  4824 | D:4      | Gained mutation: You are partially covered in iridescent
                  | scales. (AC +2) [potion of mutation]
  4841 | D:4      | Reached skill level 3 in Air Magic
  4990 | D:4      | Reached XP level 8. HP: 42/60 MP: 8/8
  5135 | D:4      | Noticed Blork the orc
  5154 | D:4      | Killed Blork the orc
  5248 | D:4      | Reached skill level 5 in Evocations
  5571 | D:5      | Entered Level 5 of the Dungeon
  5578 | D:5      | Reached skill level 4 in Air Magic
  6203 | D:5      | Found Yahweh's Dragon-Slaying Spoils.
  6471 | D:5      | Reached skill level 5 in Air Magic
  6681 | D:5      | Reached skill level 8 in Air Magic
  6681 | D:5      | Reached XP level 9. HP: 56/65 MP: 9/9
  7238 | D:5      | Noticed Eustachio
  7245 | D:5      | Killed Eustachio
  7269 | D:5      | Reached skill level 9 in Air Magic
  8057 | D:6      | Noticed Menkaure
  8322 | D:6      | Killed Menkaure
  8323 | D:6      | Reached XP level 10. HP: 71/71 MP: 10/10
  8667 | D:7      | Found a staircase to the Ecumenical Temple.
  8681 | Temple   | Entered the Ecumenical Temple
  9268 | D:7      | Found Cheibriados's Comfort Zone.
  9271 | D:7      | Found a snail-covered altar of Cheibriados.
  9764 | D:7      | Reached skill level 10 in Air Magic
  9764 | D:7      | Reached skill level 10 in Evocations
  9764 | D:7      | Noticed Dowan
  9764 | D:7      | Noticed Duvessa
  9772 | D:7      | Killed Dowan
  9777 | D:7      | Killed Duvessa
 11116 | D:8      | Found a burning altar of Makhleb.
 11272 | D:8      | Reached skill level 10 in Staves
 11272 | D:8      | Reached XP level 11. HP: 52/70 MP: 11/11
 12110 | D:8      | Found a staircase to the Lair.
 12917 | D:8      | Found a transporter.
 12919 | D:8      | Found a transporter.
 12921 | D:8      | Noticed Athor's ghost (novice VSFi)
 13725 | D:9      | Found a runed translucent gate.
 13726 | D:9      | Found a runed translucent gate.
 13769 | D:9      | Found a runed translucent gate.
 13772 | D:9      | Noticed ThreePoint314's ghost (novice DsIE)
 13775 | D:9      | Identified the +6 chain mail of Untold Secrets {-Tele rC+
                  | Dex+3}
 13891 | D:9      | Noticed Pikel
 13906 | D:9      | Killed Pikel
 14334 | D:9      | Noticed Grum
 14386 | D:9      | Killed Grum
 14882 | D:9      | Found a staircase to the Orcish Mines.
 15264 | Orc:1    | Entered Level 1 of the Orcish Mines
 15470 | Orc:1    | Noticed an orc knight
 15559 | D:10     | Entered Level 10 of the Dungeon
 15690 | D:10     | Reached skill level 5 in Dodging
 15700 | D:10     | Reached XP level 12. HP: 59/80 MP: 12/12
 16417 | D:11     | Noticed Psyche
 16423 | D:11     | Noticed Psyche
 16460 | D:11     | Killed Psyche the sky beast
 16611 | D:11     | Noticed Maurice
 16612 | D:11     | Noticed Maurice
 16612 | D:11     | Maurice changed into Maurice the swamp drake
 17114 | D:11     | Noticed a boulder beetle
 17152 | D:11     | Learned a level 3 spell: Swiftness
 17157 | D:11     | Learned a level 4 spell: Airstrike
 17177 | D:11     | Noticed Gastronok
 17602 | Orc:1    | Noticed an ettin
 17631 | Orc:2    | Entered Level 2 of the Orcish Mines
 17631 | Orc:2    | Found a staircase to the Elven Halls.
 17985 | Orc:2    | Noticed an orc high priest
 18185 | Lair:1   | Entered Level 1 of the Lair of Beasts
 18341 | Lair:1   | You fall into a shaft and drop 1 floor!
 18466 | Lair:2   | Found a staircase to the Shoals.
 18614 | Lair:1   | Reached skill level 5 in Armour
 18915 | Lair:1   | Reached skill level 11 in Air Magic
 19275 | Lair:1   | Noticed an eight-headed hydra
 19288 | Lair:1   | Killed an eight-headed hydra
 19497 | Lair:1   | Noticed an eight-headed hydra
 19508 | Lair:1   | Killed an eight-headed hydra
 19509 | Lair:1   | Reached XP level 13. HP: 34/88 MP: 11/13
 19682 | Lair:2   | Noticed a five-headed hydra
 20258 | Lair:2   | Noticed a six-headed hydra
 20266 | Lair:2   | Killed a six-headed hydra
 20543 | Lair:2   | Killed a five-headed hydra
 20712 | Lair:3   | Reached skill level 12 in Air Magic
 20966 | Lair:3   | Noticed a five-headed hydra
 20975 | Lair:3   | Killed a five-headed hydra
 20976 | Lair:3   | Noticed a boulder beetle
 21066 | Lair:3   | Noticed a seven-headed hydra
 21075 | Lair:3   | Killed a seven-headed hydra
 21115 | Lair:3   | Acquired 612 gold pieces
 21258 | D:5      | Bought +0 pearl dragon scales for 1300 gold pieces
 21934 | D:9      | Identified the +1 helmet of Vomnikh {rPois Dex+6}
 22069 | Lair:3   | Noticed a catoblepas
 22086 | Lair:3   | Noticed Fannar
 22780 | Lair:3   | Killed Fannar
 22969 | Lair:3   | Found a staircase to the Snake Pit.
 23038 | Lair:3   | Killed a boulder beetle
 23039 | Lair:3   | Reached skill level 5 in Fighting
 23039 | Lair:3   | Reached skill level 13 in Air Magic
 23389 | Lair:4   | Noticed a four-headed hydra
 23744 | Lair:4   | Reached XP level 14. HP: 98/98 MP: 11/14
 25171 | Lair:5   | Noticed Sonja
 25172 | Lair:5   | Noticed Sonja
 25172 | Lair:5   | Sonja changed into Sonja the queen bee
 25173 | Lair:5   | Found a viscous altar of Jiyva.
 25184 | Lair:5   | Killed Sonja the queen bee
 25399 | Lair:5   | Reached skill level 14 in Air Magic
 25483 | Lair:5   | Found a staircase to the Slime Pits.
 25894 | Lair:5   | Found a frozen archway.
 25910 | IceCv    | Entered an ice cave
 26106 | Lair:5   | Learned a level 5 spell: Freezing Cloud
 26367 | Lair:6   | Entered Level 6 of the Lair of Beasts
 26386 | Lair:5   | Reached skill level 1 in Conjurations
 26386 | Lair:5   | Reached skill level 1 in Ice Magic
 26787 | Lair:5   | Became a worshipper of Jiyva Jinobrud the Shapeless
 27570 | Lair:6   | Reached * piety under Jiyva
 27724 | Lair:6   | Identified the ring of the Turtledove {Fly rC+ Int-4
                  | Stlth+}
 28061 | Lair:6   | Reached skill level 5 in Conjurations
 28061 | Lair:6   | Reached skill level 5 in Ice Magic
 28312 | Lair:6   | Reached XP level 15. HP: 110/110 MP: 15/15
 29001 | Orc:2    | Found Eroll's Distillery.
 29001 | Orc:2    | Found Mulimoc's Book Boutique.
 29002 | Orc:2    | Found Dakopin's Antique Weapon Emporium.
 29002 | Orc:2    | Found Kugreusm's Magic Scroll Emporium.
 29402 | Orc:2    | Bought a scroll of enchant armour for 112 gold pieces
 29402 | Orc:2    | Bought a scroll of fog for 30 gold pieces
 29402 | Orc:2    | Bought a scroll of magic mapping for 52 gold pieces
 29468 | Orc:2    | Reached ** piety under Jiyva
 30013 | Orc:2    | Bought the Handbook of Gliding Translocation for 690 gold
                  | pieces
 30014 | Orc:2    | Upgraded the game from 0.28-a0-1184-g53156a8862 to
                  | 0.28-a0-1190-g77e1c55843
 30707 | Lair:6   | Found a corrupted altar of Lugonu.
 30707 | Lair:6   | Found a one-way gate to the infinite horrors of the Abyss.
 30933 | Snake:1  | Entered Level 1 of the Snake Pit
 32075 | Snake:2  | Reached *** piety under Jiyva
 32218 | Snake:2  | Reached XP level 16. HP: 115/116 MP: 6/16
 32497 | Snake:2  | Reached skill level 10 in Conjurations
 32497 | Snake:2  | Reached skill level 10 in Ice Magic
 32497 | Snake:2  | Reached skill level 1 in Spellcasting
 33621 | Snake:2  | Reached **** piety under Jiyva
 33765 | Snake:2  | Lost mutation: You are partially covered in iridescent
                  | scales. (AC +2) [Jiyva's grace]
 33765 | Snake:2  | Gained mutation: You are strong-willed. (Will+) [Jiyva's
                  | grace]
 33765 | Snake:2  | Gained mutation: You are highly strong-willed. (Will++)
                  | [Jiyva's grace]
 33765 | Snake:2  | Gained mutation: You are extremely strong-willed. (Will+++)
                  | [Jiyva's grace]
 33765 | Snake:2  | Gained mutation: Your muscles are strong. (Str +2) [Jiyva's
                  | grace]
 33853 | Snake:2  | Noticed Vashnia
 33922 | Snake:2  | Killed Vashnia
 33923 | Snake:2  | Reached skill level 5 in Spellcasting
 34161 | Snake:3  | Found Nucacidu's Weapon Shoppe.
 34803 | Snake:3  | Found Raxzaffu's Book Shop.
 35036 | Snake:3  | Found Gad Sent's Book Shoppe.
 35518 | Snake:4  | Entered Level 4 of the Snake Pit
 35518 | Snake:4  | Reached ***** piety under Jiyva
 35682 | Snake:4  | Learned a level 8 spell: Maxwell's Capacitive Coupling
 35689 | Snake:4  | Noticed an azure jelly
 35689 | Snake:4  | a shock serpent changed into an azure jelly
 35708 | Snake:4  | Reached XP level 17. HP: 32/122 MP: 26/30
 36106 | Snake:4  | Reached skill level 10 in Spellcasting
 36157 | Snake:4  | Noticed an acid blob
 36157 | Snake:4  | a nagaraja changed into an acid blob
 36163 | Snake:4  | Killed an acid blob
 37177 | Snake:4  | Got a serpentine rune of Zot
 37459 | Shoals:1 | Entered Level 1 of the Shoals
 37468 | Shoals:1 | Reached skill level 15 in Air Magic
 37654 | Lair:2   | HP: 5/122 [harpy (11)]
 37655 | Lair:2   | Slain by a harpy

Illustrated notes

Levels and vault maps discovered:
D:1:      minmay_arrival_widening_spiral_wide, layout_loops_ring
D:2:      layout_basic, serial_shops, shop, kennysheep_boxes
D:3:      layout_basic, dreamdust_ecumenical_altar_hidden_monk_grotto,
          uniq_sigmund
D:4:      layout_basic, uniq_blork_the_orc
D:5:      layout_layer_cave, nicolae_shop_dragon_depot, uniq_eustachio
D:6:      layout_cave_pools, nicolae_ossuary_entry_monument, kennysheep_path_1,
          minmay_misc_feat_nine_boxes, uniq_menkaure
D:7:      layout_loops_ring, minmay_temple_entry_glass, minivault_27,
          minmay_shop_chei, grunt_ministairs_11, uniq_duvessa
D:8:      layout_loops_ring, old_standard_altar, minmay_lair_entry_grove,
          gammafunk_ghost_hive
D:9:      layout_basic, david_orc_1_choice, biasface_ghost_orc_armoury,
          uniq_grum, uniq_pikel
D:10:     layout_roguey
D:11:     layout_roguey, gauntlet_entry_generic, uniq_psyche, uniq_gastronok,
          uniq_maurice
Temple:   mainiacjoe_temple_trianglar_array
Lair:1:   layout_regular_city, minivault_25
Lair:2:   layout_gridlike, minmay_shoals_entry_beasts
Lair:3:   layout_regular_city, dummy_snake_entry, uniq_fannar
Lair:4:   layout_cave_pods, chequers_serial_rivers_small_3, roderic_batcave,
          roderic_carrion_pond, serial_bayou_shore_b
Lair:5:   layout_regular_city, slime_altar_1, portal_ice_cave_rime,
          grunt_megastairs_1, uniq_sonja
Lair:6:   hellmonk_lair_end_abyssal_woods, layout_loops_ring,
          infiniplex_staircase_pool_2, lemuel_fruit_fields
Shoals:1: layout_shoals, uniq_nikola, uniq_jorgrun, uniq_mlioglotl
Snake:1:  nrook_guardian_serpent_snake_passage, layout_layer_cave
Snake:2:  layout_chambers, uniq_vashnia
Snake:3:  layout_onion, serial_shops, nicolae_shop_behind_doors,
          nicolae_shop_hallway_stairs, nicolae_shop_stone
Snake:4:  snake_pit_salamanders_mu, layout_rooms, ebering_ghost_xom
Orc:1:    cheibrodos_orc_bank, layout_caves, basic_altar, mines2_lemuel
Orc:2:    st_orc_elflike, layout_caves

Skill      XL: |  1  2  3  4  5  6  7  8  9 10 11 12 13 14 15 16 17 |
---------------+----------------------------------------------------+-----
Staves         | 1 2 3 4 5 8 10 12 | 12.0
Fighting       | 2 3 4 6 7 |  7.8
Air Magic      | 1 3 8 9 10 11 13 14 15 | 15.1
Evocations     | 4 8 9 10 | 10.0
Dodging        | 5 7 |  7.2
Armour         | 6 8 9 |  9.9
Conjurations   | 5 9 10 | 10.0
Ice Magic      | 5 9 10 | 10.0
Spellcasting   | 9 10 | 10.0
Stealth        | |  1.0

Action                   |  1- 3 |  4- 6 |  7- 9 | 10-12 | 13-15 | 16-18 || total
-------------------------+-------+-------+-------+-------+-------+-------++-------
Melee: Staff             |   130 |   131 |   358 |   784 |   991 |   356 ||  2750
Throw: Javelin           |       |       |       |     3 |       |       ||     3
       Throwing net      |       |       |       |     1 |       |       ||     1
       Dart              |       |       |       |       |     3 |       ||     3
 Cast: Airstrike         |       |       |       |    26 |    80 |    27 ||   133
       Freezing Cloud    |       |       |       |       |    15 |    64 ||    79
       Swiftness         |       |       |       |       |     1 |     2 ||     3
Invok: Slimify           |       |       |       |       |       |     2 ||     2
 Abil: Evoke Invisibilit |       |       |       |    10 |     4 |       ||    14
Evoke: Wand              |     4 |    13 |    13 |    19 |    11 |     1 ||    61
       Piece from Xom's  |     2 |     8 |    19 |     8 |    10 |       ||    47
       Condenser vane    |       |       |       |       |       |     2 ||     2
  Use: Scroll            |     4 |     2 |     2 |     9 |    14 |     8 ||    39
       Potion            |       |     1 |     5 |     9 |     6 |       ||    21
 Stab: Confused          |       |     1 |     2 |     1 |       |       ||     4
       Petrifying        |       |       |     2 |     1 |       |       ||     3
       Petrified         |       |       |     1 |     2 |     4 |       ||     7
       Invisible         |       |       |       |    27 |    13 |       ||    40
       Paralysed         |       |       |       |     1 |       |       ||     1
       Sleeping          |       |       |       |     2 |       |       ||     2
       Distracted        |       |       |       |       |     2 |       ||     2
Armor: Ring mail         |    43 |    43 |   118 |   160 |       |       ||   364
       Skin              |       |       |    31 |       |    37 |       ||    68
       Troll leather arm |       |       |       |    37 |    13 |       ||    50
       Pearl dragon scal |       |       |       |       |   386 |   160 ||   546
Dodge: Dodged            |    62 |    67 |   148 |   318 |   481 |   299 ||  1375

Table legend: (Time is in decaauts)
 A = Elapsed time spent in this place.
 B = Non-inter-level travel time spent in this place.
 C = Inter-level travel time spent in this place.
 D = Time resting spent in this place.
 E = Time spent auto-exploring this place.
 F = Levels seen in this place.
 G = Mean time per level.
                   A        B        C        D        E       F      G
               +--------+--------+--------+--------+--------+-----+--------+
         Total |  36904 |  34020 |   2884 |  11697 |  14558 |  26 | 1419.4 |
       Dungeon |  17592 |  16274 |   1318 |   6034 |   6736 |  11 | 1599.3 |
        Temple |    405 |    383 |     22 |      0 |    382 |   1 |  405.0 |
          Lair |  10065 |   9163 |    902 |   2636 |   4662 |   6 | 1677.5 |
        Shoals |    122 |    122 |      0 |     37 |     11 |   1 |  122.0 |
     Snake Pit |   6275 |   5930 |    345 |   2534 |   1861 |   4 | 1568.8 |
  Orcish Mines |   2439 |   2144 |    295 |    455 |    906 |   2 | 1219.5 |
      Ice Cave |      3 |      3 |      0 |      0 |      0 |   1 |    3.0 |
               +--------+--------+--------+--------+--------+-----+--------+

Top non-repeatable levels by time:
     D:8: 2841 daAuts
     D:9: 2258 daAuts
 Snake:2: 2098 daAuts
     D:5: 2053 daAuts
  Lair:6: 2045 daAuts
     D:7: 2034 daAuts
     D:3: 2008 daAuts
  Lair:2: 1799 daAuts
  Lair:4: 1740 daAuts
  Lair:5: 1651 daAuts
 Snake:4: 1569 daAuts
     D:4: 1525 daAuts
  Lair:3: 1503 daAuts
     D:1: 1377 daAuts
 Snake:3: 1358 daAuts
